Map: [ESL] Alcyone

Players

Spirit - Winner!

  • Race: Terran Terran
  • Spawn Location: 1:00

GunGFuBanDa

  • Race: Protoss Protoss
  • Spawn Location: 7:00

Event: ESL SC2 Masters 2023 Winter (Regional)

VOD

Have the link to the VOD?

Description

Time

  • Played on: Nov. 9, 2023, 10:09 a.m.
  • Length: 13:21

All games in this series

Show
View Real Time Build Order
Export as new Build Order

Spirit Terran - Winner!

Build Orders: Reaper Expand 

Get SALT Encoding   

  12  0:00  SCV  
  13  0:12  SCV  
  14  0:17  Supply Depot  
  14  0:24  SCV  
  15  0:38  SCV  
  15  0:39  Barracks  
  16  0:42  Refinery  
  16  0:50  SCV  
  17  1:02  SCV  
  18  1:14  SCV  
  19  1:27  Orbital Command, Reaper  
  20  1:39  Command Center  
  20  1:49  Supply Depot  
  20  1:53  SCV  
  21  1:59  Marine  
  22  2:05  SCV  
  22  2:06  Factory  
  23  2:16  Bunker  
  23  2:17  Marine, SCV  
  25  2:25  Refinery  
  25  2:29  SCV  
  26  2:36  Barracks Reactor  
  26  2:41  SCV  
  27  2:50  Hellion  
  29  2:53  Orbital Command  
  29  2:54  Starport  
  29  3:02  SCV  
  32  3:13  Marine x2, Widow Mine  
  32  3:15  SCV  
  36  3:20  SCV  
  36  3:27  SCV  
  36  3:31  Marine x2  
  36  3:32  SCV  
  40  3:38  Viking, Cyclone  
  40  3:39  SCV  
  44  3:45  Supply Depot  
  44  3:46  SCV  
  45  3:51  SCV  
  46  4:00  Supply Depot  
  46  4:07  SCV x2, Marine x2  
  48  4:10  Cyclone  
  48  4:11  Viking  
  48  4:13  Supply Depot  
  52  4:19  SCV x2  
  52  4:22  Barracks  
  54  4:30  Barracks  
  54  4:31  SCV, Engineering Bay  
  54  4:33  Marine x2  
  54  4:38  SCV  
  58  4:42  Supply Depot  
  58  4:43  SCV  
  58  4:45  Starport Tech Lab, Factory Tech Lab  
  59  4:50  Marine, SCV  
  59  4:51  Marine  
  59  4:52  Refinery  
  62  4:55  SCV  
  63  5:00  Terran Infantry Weapons Level 1  
  63  5:02  SCV  
  64  5:07  SCV  
  64  5:09  Refinery  
  64  5:11  Supply Depot  
  65  5:14  SCV  
  65  5:17  Stimpack  
  65  5:18  Starport Reactor, Factory Reactor, Marauder  
  65  5:19  SCV  
  69  5:24  Combat Shield  
  69  5:26  SCV  
  69  5:27  Supply Depot  
  69  5:28  Marauder, Marine  
  73  5:34  Supply Depot, Marine  
  69  5:39  Marauder  
  69  5:46  Marine  
  63  5:50  Missile Turret, Marauder  
  63  5:51  Missile Turret  
  63  5:55  Medivac x2  
  63  5:57  Widow Mine x2  
  69  5:58  Marine  
  69  6:00  Marauder  
  72  6:04  Marine  
  75  6:11  Marauder  
  75  6:16  Marine  
  75  6:17  Command Center  
  75  6:21  Widow Mine x2  
  75  6:23  SCV  
  75  6:25  Marauder, Marine  
  83  6:32  Marine  
  84  6:34  Viking  
  84  6:36  Viking  
  84  6:38  SCV x2  
  89  6:43  Concussive Shells  
  89  6:46  Marine  
  84  6:50  SCV  
  84  6:52  SCV  
  84  6:53  Marauder x2, Marine, Starport  
  91  7:02  Terran Infantry Armor Level 1, SCV  
  91  7:04  Viking, SCV  
  91  7:06  Viking  
  97  7:14  SCV  
  96  7:16  SCV  
  96  7:18  Marine  
  96  7:22  Barracks x2  
  98  7:23  Marauder  
  98  7:26  SCV  
  98  7:28  SCV  
  102  7:30  Ghost Academy  
  102  7:34  Viking  
  104  7:38  Viking, SCV  
  104  7:40  SCV  
  108  7:45  Viking  
  108  7:50  Viking  
  112  7:51  SCV  
  112  7:53  SCV  
  112  7:57  Orbital Command  
  114  8:02  Refinery  
  114  8:03  SCV  
  114  8:04  Refinery  
  114  8:05  SCV  
  116  8:07  Supply Depot  
  116  8:10  Barracks Reactor  
  116  8:11  Barracks Tech Lab, Supply Depot  
  116  8:15  SCV  
  117  8:28  Viking x2  
  117  8:29  SCV x3  
  117  8:31  Supply Depot  
  117  8:33  Viking  
  126  8:34  Supply Depot x2  
  126  8:36  Viking  
  126  8:40  Ghost  
  126  8:41  SCV  
  131  8:45  Ghost  
  131  8:53  Ghost  
  131  8:54  Marine  
  134  9:03  Command Center, Supply Depot  
  134  9:04  Supply Depot  
  134  9:05  SCV  
  134  9:08  SCV  
  134  9:09  Marauder  
  138  9:13  Armory, Engineering Bay  
  138  9:15  Marauder  
  140  9:19  Medivac  
  140  9:20  Medivac x2  
  146  9:28  Medivac  
  148  9:32  SCV  
  148  9:36  Marauder x2  
  153  9:38  Ghost  
  153  9:44  Marine  
  156  9:52  Supply Depot  
  156  9:54  Supply Depot  
  156  9:57  Ghost  
  156  9:58  Marauder  
  158  10:02  Terran Infantry Weapons Level 2  
  158  10:03  Marine x4  
  163  10:07  Bunker  
  163  10:08  Marauder  
  163  10:10  Terran Infantry Armor Level 2  
  165  10:15  Bunker, Widow Mine  
  165  10:17  Supply Depot  
  165  10:19  Marauder  
  165  10:20  Marine  
  165  10:21  Marine x2  
  169  10:24  SCV x3  
  169  10:27  Sensor Tower  
  172  10:29  Ghost  
  172  10:32  Marauder, Marine  
  177  10:36  Widow Mine, SCV  
  177  10:38  Marine  
  177  10:39  Marine  
  177  10:40  Marauder  
  177  10:42  Planetary Fortress  
  184  10:43  Marine  
  185  10:50  Marine  
  185  10:53  SCV x2  
  185  10:54  SCV, Marauder  
  191  10:58  Marauder  
  191  11:00  Missile Turret  
  191  11:01  Missile Turret  
  191  11:02  Marauder  
  195  11:07  Marine  
  195  11:09  Marine  
  196  11:15  Marauder, SCV  
  194  11:23  Marauder, Marine  
  194  11:25  Marine, SCV  
  187  11:30  Marine  
  187  11:31  Marine, Marauder  
  188  11:36  Marine  
  184  11:41  Marine  
  184  11:43  Marine  
  184  11:45  Marauder  
  185  11:48  Marine  
  185  11:49  Marine  
  185  11:50  SCV  
  185  11:52  Marauder  
  185  11:54  Marine  
  189  11:58  Marine  
  189  11:59  SCV  
  186  12:01  Marine  
  186  12:06  Marine, Marauder  
  186  12:07  Marine  
  189  12:11  Ghost  
  189  12:13  Command Center  
  189  12:14  Marauder  
  191  12:16  Barracks, Marine, SCV  
  191  12:17  Barracks x2, SCV  
  191  12:19  Marine  
  170  12:24  Marine  
  170  12:27  Marauder  
  170  12:29  SCV  
  174  12:30  SCV  
  174  12:34  Marine  
  178  12:38  Sensor Tower, Refinery  
  178  12:39  Refinery  
  167  12:48  SCV  
  167  12:49  Refinery  
  162  12:55  Barracks Reactor  
  152  13:02  Fusion Core, Command Center, Marine  
  152  13:03  SCV  
Show
View Real Time Build Order
Export as new Build Order

GunGFuBanDa Protoss 

Build Orders: 1 Gate Expand, Phoenix Opening 

Get SALT Encoding   

  12  0:00  Probe  
  13  0:12  Probe  
  14  0:16  Pylon  
  14  0:24  Probe (Chrono Boost)  
  15  0:36  Probe (Chrono Boost)  
  15  0:37  Gateway  
  15  0:42  Assimilator  
  16  0:45  Probe (Chrono Boost)  
  17  0:53  Probe  
  18  1:05  Probe  
  19  1:17  Nexus  
  19  1:28  Cybernetics Core  
  19  1:32  Probe (Chrono Boost)  
  20  1:39  Pylon  
  20  1:44  Probe (Chrono Boost)  
  20  1:47  Assimilator  
  21  1:52  Probe (Chrono Boost)  
  22  1:58  Probe  
  23  2:03  Adept (Chrono Boost)  
  25  2:10  Probe  
  25  2:12  Stargate  
  26  2:22  Warp Gate  
  27  2:24  Probe (Chrono Boost)  
  27  2:27  Adept  
  29  2:30  Probe (Chrono Boost)  
  31  2:40  Probe x2 (Chrono Boost)  
  32  2:45  Probe (Chrono Boost)  
  32  2:47  Probe  
  34  2:56  Phoenix  
  35  2:59  Probe  
  35  3:01  Probe  
  36  3:11  Probe  
  36  3:13  Adept  
  36  3:16  Probe  
  39  3:23  Phoenix (Chrono Boost)  
  40  3:30  Probe  
  40  3:31  Probe  
  40  3:33  Robotics Facility  
  42  3:42  Probe, Pylon  
  42  3:44  Phoenix  
  42  3:47  Probe  
  46  3:50  Assimilator  
  46  3:54  Gateway  
  46  4:00  Probe x2  
  48  4:11  Phoenix  
  48  4:14  Probe (Chrono Boost)  
  52  4:17  Pylon  
  52  4:19  Probe (Chrono Boost)  
  52  4:22  Observer (Chrono Boost)  
  52  4:23  Pylon, Probe (Chrono Boost)  
  54  4:30  Shield Battery  
  54  4:35  Probe x2  
  56  4:40  Immortal (Chrono Boost)  
  56  4:44  Sentry  
  62  4:48  Probe x2  
  62  4:50  Assimilator  
  64  5:00  Pylon, Probe  
  64  5:02  Adept  
  64  5:03  Phoenix  
  69  5:13  Nexus  
  69  5:19  Adept, Probe  
  72  5:24  Shield Battery  
  72  5:28  Phoenix (Chrono Boost)  
  74  5:36  Observer  
  72  5:47  Probe x2 (Chrono Boost)  
  72  5:50  Phoenix (Chrono Boost)  
  72  5:52  Pylon  
  74  5:58  Probe (Chrono Boost)  
  74  5:59  Probe (Chrono Boost)  
  74  6:02  Robotics Bay  
  74  6:04  Forge  
  76  6:05  Pylon  
  76  6:07  Probe  
  76  6:08  Probe  
  76  6:10  Phoenix  
  80  6:20  Immortal (Chrono Boost)  
  80  6:22  Probe x2  
  86  6:29  Probe  
  86  6:31  Zealot x2  
  91  6:34  Probe  
  91  6:35  Phoenix  
  94  6:46  Protoss Ground Weapons Level 1 (Chrono Boost)  
  94  6:49  Colossus (Chrono Boost)  
  94  6:53  Twilight Council  
  100  6:54  Probe x2  
  100  6:56  Gateway  
  100  6:59  Gateway  
  102  7:04  Probe  
  102  7:06  Probe  
  102  7:07  Pylon  
  104  7:08  Pylon  
  104  7:13  Probe  
  105  7:17  Charge (Chrono Boost)  
  105  7:18  Photon Cannon  
  105  7:20  Shield Battery  
  105  7:22  Probe  
  106  7:27  Colossus (Chrono Boost)  
  105  7:35  Gateway  
  105  7:37  Gateway, Assimilator  
  111  7:38  Assimilator  
  111  7:42  Pylon  
  111  7:50  Gateway  
  111  7:51  Gateway  
  111  7:53  Probe x3  
  111  7:56  Extended Thermal Lance  
  111  7:57  Templar Archives  
  114  8:02  Pylon  
  120  8:13  Pylon  
  120  8:21  Forge  
  120  8:24  Pylon  
  120  8:25  Psionic Storm  
  120  8:26  Probe  
  121  8:31  Zealot x4  
  121  8:32  Zealot x2  
  133  8:34  Pylon  
  133  8:38  Pylon  
  133  8:41  Protoss Ground Weapons Level 2 (Chrono Boost)  
  133  8:46  Immortal  
  129  8:56  High Templar x3  
  129  8:58  Zealot x3  
  129  8:59  Zealot x2, Protoss Ground Armor Level 1 (Chrono Boost)  
  143  9:04  Blink  
  143  9:12  Probe  
  144  9:19  Nexus  
  144  9:29  Pylon  
  144  9:31  Stalker x3  
  150  9:39  Zealot x3  
  150  9:40  Zealot x2  
  150  9:45  Pylon  
  159  10:02  High Templar x2  
  159  10:03  High Templar  
  159  10:04  High Templar x2, Zealot x3  
  159  10:05  Warp Prism (Chrono Boost)  
  175  10:07  Nexus  
  175  10:08  Archon  
  175  10:09  Pylon  
  177  10:16  Pylon  
  175  10:30  Dark Shrine  
  175  10:32  Probe x2  
  177  10:42  Zealot x8  
  191  10:57  Immortal  
  191  11:02  Protoss Ground Armor Level 2 (Chrono Boost)  
  171  11:24  Zealot x8  
  165  11:28  Probe  
  165  11:31  Photon Cannon  
  150  11:33  Photon Cannon  
  150  11:34  Archon x2  
  150  11:35  Shield Battery  
  150  11:37  Disruptor (Chrono Boost)  
  148  11:45  High Templar x3  
  148  11:46  Dark Templar  
  152  11:47  Dark Templar  
  152  11:48  Dark Templar, Zealot  
  120  12:08  Dark Templar, Disruptor (Chrono Boost)  
  113  12:19  Stalker x5  
  117  12:24  Stalker x2  
  119  12:31  Probe  
  114  12:47  Disruptor (Chrono Boost)  
  114  12:49  Archon  
  114  12:55  Stalker x8  
Tags
 
Add a new tag
Caveats
  • Supply blocks, unpowered buildings, or Contaminate may cause inaccurate times.
  • Supply counts are checked every 10 seconds.